 Dungeon Crawl Stone Soup version 0.25-a0-780-g622e69b31f (webtiles) character file.

Game seed: 12711488582567697720, levelgen mode: deterministic

236 kae the Cudgeler (level 5, 0/42 HPs)
             Began as a Demonspawn Gladiator on Apr 14, 2020.
             Slain by Purgy (1 damage)
             ... on level 3 of the Dungeon.
             The game lasted 00:01:31 (1348 turns).

kae the Cudgeler (Demonspawn Gladiator)             Turns: 1348, Time: 00:01:31

Health: 0/42       AC:  4    Str: 15    XL:     5   Next: 77%
Magic:  0/5        EV: 12    Int: 10    God:
Gold:   59         SH:  0    Dex: 14    Spells: 4/4 levels left

rFire    . . .     SeeInvis .   a - +0 flail
rCold    . . .     Gourm    .   (no shield)
rNeg     . . .     Faith    .   b - +0 leather armour
rPois    .         Spirit   +   c - +0 helmet
rElec    .         Reflect  .   (no cloak)
rCorr    .         Harm     .   (no gloves)
MR       .....                  (no boots)
Stlth    +.........             (no amulet)
HPRegen  0.14/turn              (no ring)
MPRegen  0.09/turn              (no ring)

@: stab
A: hooves 1, magic shield
a: no special abilities


You were on level 3 of the Dungeon.
You were hungry.

You visited 1 branch of the dungeon, and saw 3 of its levels.

You collected 59 gold pieces.

Inventory:

Hand Weapons
 a - a +0 flail (weapon)
Missiles
 d - 3 throwing nets (quivered)
Armour
 b - a +0 leather armour (worn)
 c - a +0 helmet (worn)
Scrolls
 l - a scroll of enchant armour {unknown}
Potions
 j - a potion of stabbing
Comestibles
 f - 5 rations


   Skills:
 + Level 3.7 Fighting
 * Level 5.1 Maces & Flails
 - Level 1.7 Throwing
 - Level 2.6 Dodging


You had 4 spell levels left.
You didn't know any spells.
Your spell library was empty.

Dungeon Overview and Level Annotations

Branches:
Dungeon (3/15)

Altars:

Annotations:
D:3 Purgy, Robin


Innate Abilities, Weirdness & Mutations

You have large cloven feet.
When hurt, damage is shared between your health and your magic reserves.


Message History

A hobgoblin comes into view.
The goblin hits you with a +0 dagger.
* * * LOW HITPOINT WARNING * * *
The goblin hits you but does no damage.
You hit the goblin. You kick the goblin.
You kill the goblin!
The goblin no longer looks unusually strong.
Purgy bites you but does no damage. Purgy claws you.
* * * LOW HITPOINT WARNING * * *
Purgy misses you. Robin throws the goblin at you!
The goblin closely misses you.
The goblin hits you but does no damage. x2
Purgy closely misses you. Purgy claws you but does no damage. x2
You sock the goblin!
You kill the goblin!
Robin throws the goblin at you! The hobgoblin closely misses you.
The goblin closely misses you. The goblin barely misses you. x2
Purgy bites you.
* * * LOW HITPOINT WARNING * * *
Purgy claws you.
You die...

*,*,,* *,******,**** *
*,*,,* *,,,,,<,,,..# *
*,*,,* **********..# **
*,*,,* *g.# *, ,,,,,*
*..# *, ,,**,*****###**
*..# *, ,,,,,,,,,,,...*
*..# *,
,,,,,,******#.######T.#
*, ****,,* #§§g@Tg...#
*****, *,,*
###ggg§§..## *,,,,,
*,,* #§g§§....# *,***.
*,,* #..§.....# *,* *.
*,,* #........# *,* ##
*,,* #.......## *,* #.
*,,* ##.#.#### *,* #<
****,,*
######.###.########,*
#. ,,,,,,* #.....##
##.......#.###.


You could see Purgy, Robin, a hobgoblin and 4 goblins.

Vanquished Creatures
  Sigmund (D:2)
  An adder (D:2)
  A worm (D:2)
  A dart slug (D:1)
  2 leopard geckos (D:2)
  6 bats
  2 giant cockroaches
  10 goblins
  7 hobgoblins
  6 jackals
  7 kobolds
  5 frilled lizards
  16 rats
65 creatures vanquished.

Notes
Turn   | Place    | Note
-------+----------+-------------------------------------------
     0 | D:1      | kae the Demonspawn Gladiator began the quest for the Orb.
     0 | D:1      | Reached XP level 1. HP: 16/16 MP: 1/1
    18 | D:1      | Reached skill level 3 in Maces & Flails
    22 | D:1      | Gained mutation: When hurt, damage is shared between your
                  | health and your magic reserves. [demonic ancestry]
    22 | D:1      | Reached XP level 2. HP: 15/22 MP: 2/2
   375 | D:1      | Gained mutation: You have large cloven feet. [demonic
                  | ancestry]
   375 | D:1      | Reached XP level 3. HP: 27/28 MP: 1/3
   794 | D:2      | Noticed Sigmund
   799 | D:2      | Killed Sigmund
   799 | D:2      | Reached skill level 4 in Maces & Flails
   799 | D:2      | Reached XP level 4. HP: 28/36 MP: 4/4
   799 | D:2      | Reached XP level 5. HP: 32/41 MP: 5/5
   824 | D:2      | Reached skill level 5 in Maces & Flails
  1324 | D:3      | Noticed Robin
  1337 | D:3      | Noticed Purgy
  1348 | D:3      | HP: 1/42 [Purgy (4)]
  1348 | D:3      | Slain by Purgy

Levels and vault maps discovered:
D:1:      erik_arrival_orb_chamber, layout_basic
D:2:      layout_rooms, uniq_sigmund
D:3:      layout_loops_ring, first_ration, uniq_jessica, uniq_grinder,
          uniq_purgy, uniq_robin

Skill      XL: |  1  2  3  4  5 |
---------------+----------------+-----
Maces & Flails | 3 4 5 |  5.1
Fighting       | 3 |  3.7
Throwing       | |  1.7
Dodging        | |  2.6

Action                   |  1- 3 |  4- 6 || total
-------------------------+-------+-------++-------
Melee: Flail             |    94 |    72 ||   166
       Kick              |     4 |    16 ||    20
  Use: Potion            |     2 |     2 ||     4
       Scroll            |       |     5 ||     5
  Eat: Chunk             |       |     1 ||     1
Armor: Leather armour    |    21 |    48 ||    69
Dodge: Dodged            |    73 |    90 ||   163

Table legend:
 A = Non-vault XP
 B = Vault XP
 C = Vault XP percentage of total XP
 D = Non-vault monster count
 E = Vault monster count
 F = Vault count percentage of total count
                 A         B        C        D         E       F
            +---------+---------+-------+---------+---------+-------
      Total |      98 |     240 |  71.0 |      48 |      17 |  26.2
            +---------+---------+-------+---------+---------+-------
        D:1 |      46 |      12 |  20.7 |      26 |      12 |  31.6
        D:2 |      49 |     220 |  81.8 |      20 |       1 |   4.8
        D:3 |       3 |       8 |  72.7 |       2 |       4 |  66.7
            +---------+---------+-------+---------+---------+-------
